 Dungeon Sprint DCSS version 0.27.1-33-g824d729ab1 (webtiles) character file.

Game seed: 9884847711544058455

103 Dadi the Skirmisher (level 4, -11/64 HPs)
             Began as a Demonspawn Berserker on Dec 20, 2021.
             Was a Follower of Trog.
             Mangled by Sigmund (14 damage)
             ... in the Dungeon (Sprint I: "Red Sonja").
             The game lasted 00:00:32 (322 turns).

Dadi the Skirmisher (Demonspawn Berserker)           Turns: 322, Time: 00:00:33

Health: -11/64     AC:  2    Str: 18    XL:     4   Next: 51%
Magic:  4/4        EV: 12    Int:  8    God:    Trog [*.....]
Gold:   54         SH:  0    Dex: 13    Spells: 3/3 levels left

rFire    . . .     SeeInvis .   a - +0 mace
rCold    . . .     Faith    .   (no shield)
rNeg     . . .     Spirit   .   b - +0 animal skin
rPois    .         Reflect  .   (no helmet)
rElec    .         Harm     .   (no cloak)
rCorr    .         Rampage  .   (no gloves)
Will     .....     NoTele   +   (no boots)
Stlth    ..........             (no amulet)
HPRegen  0.20/turn              (no ring)
MPRegen  0.09/turn              (no ring)

@: berserking (expiring), lethally poisoned (-11 -> -32), very quick
A: claws 2
a: Renounce Religion, Berserk


You were in the Dungeon.
You worshipped Trog.
Trog was aware of your devotion.
You visited 1 branch You collected 54 gold pieces.

Inventory:

Hand Weapons
 a - a +0 mace (weapon)
Armour
 b - a +0 animal skin (worn)
Wands
 i - a wand of polymorph (7)
Scrolls
 h - a scroll of blinking
Potions
 c - a potion of curing
 d - a potion of heal wounds
 e - a potion of haste
 f - 2 potions of magic
 g - a potion of berserk rage


   Skills:
 + Level 7.0 Fighting
 + Level 6.4 Maces & Flails
 - Level 1.7 Armour
 - Level 1.7 Dodging


You had 3 spell levels left.
You didn't know any spells.
Your spell library was empty.

Dungeon Overview and Level Annotations

Branches:
Dungeon (1/1)

Altars:

Annotations:
D Sigmund


Innate Abilities, Weirdness & Mutations

You have very sharp fingernails.


Message History

Sigmund hits you with a +2 scythe of venom.
You are poisoned.
There is an open door here.
You closely miss Sigmund.
You feel sick.
You sock Sigmund!
Sigmund is moderately wounded.
You feel sick.
Sigmund hits you with a +2 scythe of venom!
You are more poisoned.
You closely miss Sigmund.
Sigmund is moderately wounded.
You feel very sick.
You sock Sigmund!
Sigmund is heavily wounded.
You feel very sick.
Sigmund mumbles some strange words.
Sigmund flickers and vanishes!
Deactivating autopickup; reactivate with Ctrl-A.
No target in view!
No target in view!
No target in view!
No target in view!
You barely miss something.
You feel sick.
You barely miss something.
You feel sick. Something hits you!
You are more poisoned.
You miss something.
You feel very sick.
You miss something.
You feel very sick. Something hits you!
* * * LOW HITPOINT WARNING * * *
You are more poisoned.
You barely miss something.
* * * LOW HITPOINT WARNING * * *
You feel very sick.
You barely miss something.
* * * LOW HITPOINT WARNING * * *
You feel very sick. Something hits you!
You die...

#############
#<.#..').#..+
#..').#..@{.#
#..#####'####
#..# #..#
#..# ####
#..# #⌠⌠#
####


There were no monsters in sight!

Vanquished Creatures
  An ogre (D)
  Ijyb (D)
2 creatures vanquished.

Notes
Turn   | Place    | Note
-------+----------+-------------------------------------------
     0 | D        | Dadi the Demonspawn Berserker began the quest for the Orb.
     0 | D        | Reached XP level 1. HP: 18/18 MP: 1/1
     1 | D        | Noticed Ijyb
     9 | D        | Killed Ijyb
    10 | D        | Reached skill level 5 in Fighting
    10 | D        | Gained mutation: You have sharp fingernails. [demonic
                  | ancestry]
    10 | D        | Reached XP level 2. HP: 27/27 MP: 2/2
    47 | D        | Noticed an ogre
    58 | D        | Killed an ogre
    59 | D        | Reached skill level 7 in Fighting
    59 | D        | Reached XP level 3. HP: 26/36 MP: 3/3
    59 | D        | Gained mutation: You have very sharp fingernails. [demonic
                  | ancestry]
    59 | D        | Reached XP level 4. HP: 31/43 MP: 4/4
   310 | D        | Noticed Sigmund
   322 | D        | HP: 3/64 [poisoned by Sigmund]
   322 | D        | Mangled by Sigmund

Illustrated notes

Levels and vault maps discovered:
D:        dungeon_sprint_1 [red_sonja_temple_1, red_sonja_temple_small_1]

Skill      XL: |  1  2 |
---------------+-------+-----
Fighting       | 5 7 |  7.0
Maces & Flails | 4 6 |  6.4
Armour         | |  1.7
Dodging        | |  1.7

Action                   |  1- 3 |  4- 6 || total
-------------------------+-------+-------++-------
Melee: Unarmed           |     6 |       ||     6
       Mace              |     8 |    10 ||    18
Invok: Berserk           |     2 |     1 ||     3
Armor: Skin              |     1 |       ||     1
Dodge: Dodged            |     8 |       ||     8
